 Dungeon Crawl Stone Soup version 0.19-a0-1193-g2641e52 (webtiles) character file.

1028 4thArraOfDagon the Slasher (level 7, 14/59 HPs)
             Began as a Demigod Fighter on Aug 19, 2016.
             Quit the game on level 9 of the Dungeon.
             The game lasted 00:13:56 (2889 turns).

4thArraOfDagon the Slasher (Demigod Fighter)        Turns: 2889, Time: 00:13:56

Health: 14/59      AC: 22    Str: 21      XL:     7   Next: 72%
Magic:  9/9        EV:  5    Int: 15 (16) God:
Gold:   105        SH:  9    Dex: 13 (15) Spells: 0 memorised, 6 levels left

rFire  . . .     SeeInvis .     s - +2 falchion (slice)
rCold  . . .     Gourm    .     i - +12 chain mail "Lemotz" {MR++}
rNeg   . . .     Faith    .     c - +0 shield
rPois  .         Spirit   .     (no helmet)
rElec  .         Dismiss  .     (no cloak)
rCorr  .         Reflect  .     (no gloves)
MR     ++...     Harm     .     g - +0 pair of boots
Stlth  ..........               e - amulet of magic regeneration
                                (no ring)
                                k - ring of flight

@: mildly poisoned (14 -> 13), very slightly contaminated
A: talons 1, deterioration 2, high mp 1, screaming 1, strong 1
a: Evoke Flight


You were on level 9 of the Dungeon.
You were not hungry.

You visited 1 branch of the dungeon, and saw 9 of its levels.

You collected 105 gold pieces.

Inventory:

Hand Weapons
 a - a +0 long sword
 r - a +0 trident of venom
 s - a +2 falchion of slicing (weapon)
Missiles
 m - 5 javelins (quivered)
Armour
 b - a +0 scale mail
 c - a +0 shield (worn)
 g - a +0 pair of boots (worn)
 i - the +12 chain mail "Lemotz" (worn) {MR++}
   (You found it on level 7 of the Dungeon)

   It affects your resistance to hostile enchantments.
Jewellery
 e - an amulet of magic regeneration (around neck)
 k - a ring of flight (left hand)
 p - a +3 ring of intelligence {unknown}
Wands
 l - a wand of flame (2/48)
Scrolls
 h - 2 scrolls of remove curse
 n - 2 scrolls of magic mapping
Comestibles
 d - a meat ration


   Skills:
 - Level 4.1 Fighting
 * Level 7.1 Long Blades
 + Level 4.5 Armour
 - Level 2.6 Shields


You had 6 spell levels left.
You didn't know any spells.

Dungeon Overview and Level Annotations

Branches:
Dungeon (9/15)             Temple (0/1) D:7
   Lair: D:8-11         Orc: D:9-12

Shops:
D:6 ?

Annotations:
D:5 Dowan, Duvessa, Sigmund
D:7 Menkaure
D:8 Erica


Innate Abilities, Weirdness & Mutations

You have an increased reservoir of magic. (+10% MP)
You have sharp toenails.
Your body often deteriorates upon taking damage.
You occasionally shout uncontrollably at your foes.
Your muscles are strong. (Str +2)


Message History

The magic dart hits the orc.
The orc dies!
Unknown command.
Your shield and chain mail "Lemotz" prevent you from hitting the killer bee.
The killer bee is lightly wounded.
You flicker back into view.
You feel sick. The killer bee barely misses you.
The killer bee stings you but does no damage.
The orc wizard gestures wildly while chanting.
The orc wizard blinks!
Unknown command.
Your shield and chain mail "Lemotz" prevent you from hitting the killer bee.
The killer bee is lightly wounded.
The killer bee stings you but does no damage.
The killer bee stings you.
* * * LOW HITPOINT WARNING * * *
You block the killer bee's attack.
An orc comes into view. It is wielding a flail.
Unknown command.
Are you sure you want to abandon this character and quit the game? (Confirm with "yes".)

..o oo # ##o##.#
#..... ####..#
#S..Z.# #.##y##
#.##y# #####y##@#
... ##...#Z##y#
.8. ##S...yy..Y#
(...
........Y######.Z.
.##.............#
##...#....#.###
....#####....#
#### #.#.##
######.#.#


You could see an orc warrior, an ice beast, 3 killer bees, 2 orcs and an orc
skeleton.

Vanquished Creatures
  A sky beast (D:7)
  3 ogres
  2 giant frogs (D:6)
  2 scorpions (D:7)
  A killer bee (D:9)
  2 howler monkeys
  A crimson imp (D:6)
  A quasit (D:5)
  2 orc priests
  An iguana (D:7)
  2 orc wizards (D:7)
  A hound skeleton (D:8)
  3 gnolls (D:6)
  4 adders
  A shadow imp (D:8)
  An adder skeleton (D:7)
  A worm (D:4)
  A dart slug (D:4)
  3 giant geckos
  16 orcs
  3 bats
  A giant cockroach (D:4)
  2 jackals (D:5)
  4 quokkas
  A giant gecko skeleton (D:5)
  A giant gecko zombie (D:5)
  3 giant newts
  2 kobolds
  2 rats
68 creatures vanquished.

Vanquished Creatures (others)
  An orc (D:9)
1 creature vanquished.

Grand Total: 69 creatures vanquished

Notes
Turn   | Place    | Note
-------+----------+-------------------------------------------
     0 | D:1      | 4thArraOfDagon the Demigod Fighter began the quest for the Orb.
     0 | D:1      | Reached XP level 1. HP: 18/18 MP: 3/3
   189 | D:2      | Reached skill level 2 in Long Blades
   207 | D:2      | You fall through a shaft for 2 floors!
   300 | D:4      | Reached XP level 2. HP: 17/25 MP: 4/4
   354 | D:3      | Found an iron altar of Okawaru.
   430 | D:5      | Entered Level 5 of the Dungeon
   430 | D:5      | Noticed Dowan
   526 | D:5      | Noticed Sigmund
   563 | D:6      | Found a basalt altar of Yredelemnul.
   565 | D:6      | Noticed a howler monkey
   579 | D:6      | Killed a howler monkey
   579 | D:6      | Reached skill level 3 in Long Blades
   579 | D:6      | Reached XP level 3. HP: 21/31 MP: 5/5
   588 | D:6      | Noticed a giant frog
   604 | D:6      | Reached XP level 4. HP: 12/38 MP: 6/6
   611 | D:6      | Noticed an orc warrior
   635 | D:5      | HP: 1/38 [giant gecko zombie (2)]
   700 | D:4      | Noticed an ogre
   706 | D:4      | Killed an ogre
   706 | D:4      | Reached skill level 4 in Long Blades
   706 | D:4      | Reached XP level 5. HP: 7/45 MP: 7/7
   890 | D:4      | Noticed an ogre
   900 | D:4      | Killed an ogre
  1087 | D:5      | Noticed Duvessa
  1126 | D:6      | Found Peeq's Magic Scroll Emporium.
  1152 | D:6      | Reached XP level 6. HP: 39/52 MP: 8/8
  1247 | D:6      | Reached skill level 5 in Long Blades
  1645 | D:7      | Reached XP level 7. HP: 23/59 MP: 9/9
  1651 | D:7      | Gained mutation: Your body sometimes deteriorates upon taking damage. [mutagenic meat]
  1657 | D:7      | Gained mutation: Your muscles are strong. (Str +2) [mutagenic meat]
  1660 | D:7      | Gained mutation: You occasionally shout uncontrollably at your foes. [mutagenic meat]
  1663 | D:7      | Gained mutation: Your body often deteriorates upon taking damage. [mutagenic meat]
  1666 | D:7      | Gained mutation: You have sharp toenails. [mutagenic meat]
  1749 | D:7      | Noticed Menkaure
  1901 | D:7      | Reached skill level 6 in Long Blades
  2008 | D:8      | Noticed Erica
  2011 | D:7      | RIP
  2165 | D:7      | Found a sacrificial altar of Ru.
  2179 | D:7      | Got an opal-encrusted chain mail
  2261 | D:8      | Noticed a steam dragon
  2305 | D:7      | Identified the +12 chain mail "Lemotz" {MR++} (You found it on level 7 of the Dungeon)
  2661 | D:7      | Found a staircase to the Ecumenical Temple.
  2783 | D:8      | Reached skill level 7 in Long Blades
  2889 | D:9      | Quit the game

Vault maps used:
D:1:      onia_arrival_handbag
D:2:      nicolae_dithmenos_through_a_glass_darkly, serial_forest,
          infiniplex_forest_corner_1, infiniplex_forest_clump_diagonal,
          infiniplex_forest_clump_diagonal, infiniplex_forest_lined_corner,
          infiniplex_forest_clump_long, first_bread, minivault_11, uniq_jessica
D:3:      okawaru_trees_1, gammafunk_temple_overflow_statue
D:4:      grunt_gozag_breadcrumbs
D:5:      black_bear_nest_1, uniq_sigmund, uniq_duvessa, uniq_eustachio
D:6:      lemuel_round_altar, serial_shops, kennysheep_mini_moat,
          item_on_display_a
D:7:      nicolae_overflow_crystal_walls, uniq_menkaure
D:8:      good_gods_temple_1, minmay_lair_entry_lava, uniq_erica
D:9:      zombieorc2_lemuel, minmay_misc_feat_four_crosses, uniq_gastronok

Skill      XL: |  1  2  3  4  5  6  7 |
---------------+----------------------+-----
Long Blades    | 2 3 4 5 7 |  7.1
Fighting       | 3 4 |  4.1
Armour         | 3 4 |  4.5
Shields        | |  2.6

Action                   |  1- 3 |  4- 6 |  7- 9 || total
-------------------------+-------+-------+-------++-------
Melee: Long sword        |    91 |   171 |   137 ||   399
       Falchion          |       |       |    58 ||    58
Throw: Javelin           |     2 |     3 |     3 ||     8
Evoke: Wand              |       |     6 |     6 ||    12
  Use: Scroll            |     1 |     2 |     4 ||     7
       Potion            |       |     6 |     4 ||    10
 Stab: Invisible         |       |       |     1 ||     1
  Eat: Fruit             |       |     4 |       ||     4
       Chunk             |       |       |    10 ||    10
       Bread ration      |       |       |     1 ||     1
Armor: Scale mail        |    27 |    93 |    45 ||   165
       Chain mail        |       |       |    38 ||    38
Dodge: Dodged            |    30 |    61 |    44 ||   135
Block: Shield            |    48 |   107 |    79 ||   234
